 Dungeon Crawl Stone Soup version 0.25.1-3-ge44b62a0b3 (webtiles) character file.

Game seed: 8603173231177265675

31 BledDest the Skirmisher (level 3, -4/29 HPs)
             Began as a Demonspawn Artificer on Nov 20, 2020.
             Killed themself with a badly aimed iceblast (14 damage)
             ... on level 2 of the Dungeon.
             The game lasted 00:01:54 (1007 turns).

BledDest the Skirmisher (Demonspawn Artificer)      Turns: 1007, Time: 00:01:54

Health: -4/29      AC:  3    Str: 13    XL:     3   Next: 7%
Magic:  5/5        EV: 12    Int: 12    God:
Gold:   59         SH:  0    Dex: 13    Spells: 2/2 levels left

rFire    . . .     SeeInvis .   a - +0 short sword
rCold    . . .     Gourm    .   (no shield)
rNeg     . . .     Faith    .   b - +0 leather armour
rPois    .         Spirit   .   (no helmet)
rElec    .         Reflect  .   (no cloak)
rCorr    .         Harm     .   (no gloves)
MR       .....                  (no boots)
Stlth    +.........             (no amulet)
HPRegen  0.09/turn              (no ring)
MPRegen  0.09/turn              (no ring)

@: no status effects
A: spiny 1
a: no special abilities


You were on level 2 of the Dungeon.
You were not hungry.

You visited 1 branch of the dungeon, and saw 2 of its levels.

You collected 59 gold pieces.

Inventory:

Hand Weapons
 a - a +0 short sword (weapon)
Missiles
 k - 32 stones (quivered)
Armour
 b - a +0 leather armour (worn)
Wands
 c - a wand of flame (15)
 d - a wand of enslavement (15)
 e - a wand of random effects (15)
Scrolls
 g - a scroll of amnesia {unknown}
 j - 3 scrolls of teleportation {unknown}
 m - a scroll of remove curse {unknown}
 o - a scroll of enchant armour {unknown}
Potions
 h - 2 potions of curing {unknown}
 i - 4 potions of invisibility {unknown}
 n - a potion of degeneration {unknown}
 p - 2 potions of resistance {unknown}
 q - a potion of brilliance {unknown}
Comestibles
 f - 3 rations


   Skills:
 + Level 3.1 Fighting
 - Level 0.8 Short Blades
 - Level 1.7 Dodging
 - Level 0.8 Stealth
 - Level 3.0 Evocations


You had 2 spell levels left.
You didn't know any spells.
Your spell library was empty.

Dungeon Overview and Level Annotations

Branches:
Dungeon (2/15)

Altars:


Innate Abilities, Weirdness & Mutations

You are partially covered in sharp spines.


Message History

Pain shoots through your body!
Ouch! That really hurt!
* * * LOW HITPOINT WARNING * * *
You are too injured to fight recklessly!
You are too injured to fight recklessly!
You are too injured to fight recklessly!
Evoke which item? (* to show all) (? for menu, Esc to quit)
Aiming: Random Effects
Press: ? - help, Shift-Dir - straight line, f - shadow imp
Aim: a shadow imp (lightly wounded)
The mass of ice explodes!
The iceblast engulfs the shadow imp!
The shadow imp partially resists.
You kill the shadow imp!
Your Fighting skill increases to level 3!
You have reached level 3!
Your experience leads to an increase in your attributes!
Increase (S)trength, (I)ntelligence, or (D)exterity?
You feel stronger. The iceblast engulfs you!
You die...

### # ... .# ###.##
#.. ..# #.... #.# ...
######.#.# #.# .. #
......#.##.#.##.#....
#..#...>..#?@l...#
#..#[..####.#.......
#...........#.......
#..#..........#.####
#....#........#.#
#<####........# # #.#
##.......# ..#
#......... .###
#####.#.###


You could see a frilled lizard.

Vanquished Creatures
  A shadow imp (D:2)
  2 dart slugs (D:1)
  A leopard gecko (D:1)
  2 goblins (D:1)
  3 hobgoblins (D:1)
  A bat (D:1)
  2 frilled lizards (D:2)
  2 kobolds (D:1)
  8 rats (D:1)
22 creatures vanquished.

Notes
Turn   | Place    | Note
-------+----------+-------------------------------------------
     0 | D:1      | BledDest the Demonspawn Artificer began the quest for the
                  | Orb.
     0 | D:1      | Reached XP level 1. HP: 15/15 MP: 3/3
   396 | D:1      | Gained mutation: You are partially covered in sharp spines.
                  | [demonic ancestry]
   396 | D:1      | Reached XP level 2. HP: 22/22 MP: 4/4
  1007 | D:2      | Reached XP level 3. HP: 10/29 MP: 5/5
  1007 | D:2      | Killed themself with a badly aimed iceblast

Illustrated notes

Levels and vault maps discovered:
D:1:      lightli_arrival_maybe_door_vault, layout_loops_ring
D:2:      layout_basic, overflow_temple_1_default, lemuel_crystal_altar,
          ashenzari_altar_1, chequers_garden

Skill      XL: |  1  2 |
---------------+-------+-----
Fighting       | 2 3 |  3.1
Short Blades   | |  0.8
Dodging        | |  1.7
Stealth        | |  0.8
Evocations     | |  3.0

Action                   || total
-------------------------++-------
Melee: Short sword       ||    72
Throw: Stone             ||     3
 Stab: Sleeping          ||     3
Armor: Leather armour    ||    13
Dodge: Dodged            ||    41
